AoeStats
← Horny

Arabia

509165009Analyzed
1v1 RM · 7d ago on Sep 25, 2026· 56m 35s· 2 players
Game mode
Random Map
Map size
Tiny (2 player)
Population
200
Speed
Normal
Resources
Standard
Victory
Conquest
Starting age
Dark Age
Ending age
Imperial Age
RankedLock teamsTeams togetherTeam positionsShared explorationLock speedFull tech treeHidden civsTurbo modeCheats
Victory
Defeat
🇸🇮 Mongols · Slovenia
1156
+17
🇩🇪 Varangians · Germany
1181
-17
Horny
10:48 Feudal Age
11:59 Double-Bit Axe
13:49 Loom
14:38 Horse Collar
20:13 Castle Age
20:20 Wheelbarrow
21:23 Bow Saw
21:06 Fletching
22:03 Stone Mining
22:57 Gold Mining
24:04 Padded Archer Armor
26:22 Town Watch
29:00 Bodkin Arrow
29:52 Heavy Plow
30:35 Gold Shaft Mining
31:08 Leather Archer Armor
32:50 Ballistics
32:53 Thumb Ring
36:57 Imperial Age
35:36 Masonry
35:56 Hand Cart
35:43 Town Patrol
37:08 Bloodlines
37:17 Scale Barding Armor
37:38 Elite Mangudai
38:28 Light Cavalry
39:10 Husbandry
39:21 Bracer
40:29 Chemistry
41:40 Chain Barding Armor
42:12 Hussar
45:44 Scale Mail Armor
51:47 Stone Shaft Mining
Weirutz
6:27 Loom
9:38 Feudal Age
11:37 Double-Bit Axe
13:37 Horse Collar
14:27 Town Watch
20:41 Castle Age
19:29 Scale Mail Armor
20:31 Forging
20:23 Arson
21:49 Squires
21:48 Gold Mining
22:10 Bow Saw
23:10 Wheelbarrow
23:01 Heavy Plow
24:58 Fletching
25:09 Padded Archer Armor
25:02 Elite Skirmisher
28:05 Bodkin Arrow
28:12 Stone Mining
31:16 Leather Archer Armor
31:45 Chain Mail Armor
33:14 Ballistics
37:39 Imperial Age
35:27 Hand Cart
36:34 Iron Casting
35:50 Gambesons
38:05 Elite Varangian Guard
39:51 Bracer
41:00 Chemistry
41:51 Ring Archer Armor
41:51 Plate Mail Armor
42:51 Blast Furnace
42:40 Masonry
42:11 Treadmill Crane
41:58 Pikeman
45:27 Architecture
46:08 Halberdier
48:29 Conscription
47:33 Gothikon
48:32 Scale Barding Armor
52:26 Capped Ram
54:41 Bloodlines
54:31 Husbandry
53:53 Cavalier
Connection lost

Rejoining the realm…

Still unreachable

The connection could not be restored.

Session expired

The server has moved on; the page needs a fresh start.